AoeStats
← Dad²T1oad

Nomad

508273215Analyzed
4v4 RM · 10d ago on Sep 21, 2026· 67m 56s· 8 players
Game mode
Random Map
Map size
231×231
Population
200
Speed
Normal
Resources
Standard
Victory
Conquest
Starting age
Dark Age
Ending age
Imperial Age
RankedLock teamsTeams togetherTeam positionsShared explorationLock speedFull tech treeHidden civsTurbo modeCheats
Victory
Defeat
🇺🇸 Huns · United States
1227
+14
🇺🇸 Byzantines · United States
1209
+15
🇺🇸 Japanese · United States
1195
+16
🇳🇴 Malians · Norway
1183
+15
🇫🇷 Britons · France
1429
-25
🇫🇷 Italians · France
1190
-15
🇫🇷 Spanish · France
1063
-10
🇫🇷 Cumans · France
1061
-10
snoK
4:37 Loom
14:45 Feudal Age
17:39 Stone Mining
18:04 Gold Mining
20:17 Castle Age
18:10 Fishing Lines
20:42 Demolition Ship
21:43 Medium Warships
21:25 Gillnets
21:49 Horse Collar
22:48 Stone Shaft Mining
22:36 Heavy Plow
23:46 Husbandry
28:09 Double-Bit Axe
33:45 Wheelbarrow
33:58 Scale Mail Armor
36:03 Forging
37:20 Iron Casting
37:03 Arson
37:20 Squires
38:13 Chain Mail Armor
38:24 Hand Cart
38:24 Bow Saw
43:55 Imperial Age
43:17 Fletching
43:27 Padded Archer Armor
44:38 Farimba
44:46 Light Cavalry
45:36 Bloodlines
49:07 Scale Barding Armor
49:33 Plate Mail Armor
50:49 Crop Rotation
54:10 Elite Gbeto
54:20 Cavalier
56:07 Chain Barding Armor
SLAMCOW
5:50 Loom
12:20 Loom
14:54 Feudal Age
15:41 Double-Bit Axe
20:27 Fletching
23:32 Castle Age
22:52 Padded Archer Armor
23:16 Fishing Lines
32:57 Bodkin Arrow
41:30 Bow Saw
44:13 Scale Barding Armor
44:18 Forging
46:49 Imperial Age
44:56 Wheelbarrow
46:57 Leather Archer Armor
46:42 Elite Skirmisher
48:38 Ballistics
49:23 Thumb Ring
50:25 Horse Collar
51:55 Heavy Camel Rider
53:55 Husbandry
56:55 Chain Barding Armor
57:10 Iron Casting
57:06 Ring Archer Armor
56:41 Bracer
59:40 Plate Barding Armor
59:40 Iron Casting
Peter von Kerman
8:42 Loom
11:32 Feudal Age
12:00 Double-Bit Axe
12:17 Horse Collar
22:12 Wheelbarrow
25:44 Castle Age
24:20 Bloodlines
24:29 Fletching
24:43 Padded Archer Armor
25:49 Gold Mining
26:21 Bodkin Arrow
26:42 Bow Saw
26:34 Heavy Plow
27:10 Husbandry
28:52 Leather Archer Armor
30:00 Hand Cart
30:24 Thumb Ring
34:13 Ballistics
36:50 Thumb Ring
37:52 Hand Cart
42:57 Elite Skirmisher
46:42 Imperial Age
48:26 Chemistry
47:27 Bracer
50:57 Heavy Cavalry Archer
52:36 Parthian Tactics
55:31 Cavalier
55:34 Light Cavalry
57:40 Scale Barding Armor
57:46 Forging
57:54 Hussar
59:24 Chain Barding Armor
59:58 Iron Casting
60:43 Two-Man Saw
59:58 Capped Ram
61:33 Siege Ram
63:35 Plate Barding Armor
64:00 Blast Furnace
64:26 Blast Furnace
Zen_Vampire
7:20 Loom
12:58 Feudal Age
13:31 Double-Bit Axe
18:26 Castle Age
18:12 Wheelbarrow
17:20 Horse Collar
18:34 Fishing Lines
24:07 Fervor
25:07 Bow Saw
25:37 Heavy Plow
26:44 Gold Mining
27:03 Stone Mining
27:39 Gillnets
28:11 Fletching
33:53 Imperial Age
31:57 Guard Tower
32:06 Bodkin Arrow
35:23 Bracer
36:28 Chemistry
35:33 Yasama
35:15 Pikeman
36:11 Scale Mail Armor
36:22 Forging
36:38 Conscription
36:44 Halberdier
37:41 Chain Mail Armor
37:28 Squires
38:45 Ballistics
39:10 Keep
39:34 Arson
42:37 Plate Mail Armor
42:34 Kataparuto
43:35 Elite Samurai
44:32 Elite Skirmisher
47:59 Iron Casting
49:48 Blast Furnace
50:24 Murder Holes
51:06 Padded Archer Armor
53:59 Leather Archer Armor
57:02 Ring Archer Armor
58:32 Two-Man Saw
65:37 Arrowslits
66:06 Masonry
Quetzalcoatl
5:08 Loom
17:11 Feudal Age
22:47 Castle Age
23:27 Fletching
28:22 Padded Archer Armor
28:20 Double-Bit Axe
31:18 Leather Archer Armor
31:48 Bodkin Arrow
38:05 Horse Collar
40:30 Husbandry
44:00 Bloodlines
45:14 Heavy Plow
45:22 Elite Skirmisher
47:30 Scale Barding Armor
46:51 Light Cavalry
49:37 Chain Barding Armor
49:29 Forging
50:59 Wheelbarrow
52:21 Hand Cart
56:10 Thumb Ring
56:45 Gold Mining
59:38 Iron Casting
67:25 Imperial Age
Dad²T1oad
4:24 Loom
14:41 Feudal Age
15:39 Fishing Lines
16:28 Double-Bit Axe
18:31 Horse Collar
23:02 Castle Age
21:29 Fletching
21:39 Padded Archer Armor
23:33 Gold Mining
23:13 Crossbowman
26:06 Heavy Plow
26:27 Bodkin Arrow
32:00 Bow Saw
33:36 Wheelbarrow
32:47 Town Watch
34:14 Leather Archer Armor
35:06 Hand Cart
36:29 Stone Mining
40:39 Ballistics
44:40 Imperial Age
43:23 Forging
43:18 Scale Barding Armor
43:28 Masonry
44:45 Gold Shaft Mining
44:20 Town Patrol
45:24 Yeomen
44:48 Arbalester
45:30 Bracer
46:01 Ring Archer Armor
48:03 Chemistry
50:07 Conscription
59:36 Architecture
59:11 Siege Engineers
59:02 Murder Holes
58:48 Treadmill Crane
64:19 Elite Skirmisher
66:26 Hoardings
Jean de Carrouges
5:41 Loom
12:39 Feudal Age
17:39 Castle Age
17:23 Town Watch
17:44 Double-Bit Axe
17:51 Gold Mining
17:52 Stone Mining
21:11 Wheelbarrow
21:17 Fletching
24:31 Padded Archer Armor
28:43 Bodkin Arrow
29:03 Leather Archer Armor
31:31 Ballistics
32:39 Hand Cart
38:41 Imperial Age
38:01 Scale Mail Armor
37:58 Horse Collar
39:52 Conscription
40:11 Heavy Plow
42:57 Chemistry
41:20 Elite Genoese Crossbowman
48:32 Light Cavalry
49:56 Thumb Ring
51:35 Bloodlines
54:29 Hussar
55:10 Husbandry
64:49 Bracer
65:19 Ring Archer Armor
64:56 Scale Barding Armor
65:01 Forging
Don Zapata
5:16 Loom
14:55 Feudal Age
15:26 Double-Bit Axe
22:16 Wheelbarrow
22:13 Town Watch
22:39 Horse Collar
24:33 Bloodlines
28:21 Castle Age
26:41 Scale Barding Armor
26:47 Forging
26:50 Stone Mining
26:51 Gold Mining
30:11 Heavy Plow
32:04 Chain Barding Armor
32:31 Iron Casting
40:05 Imperial Age
37:52 Hand Cart
40:09 Cavalier
42:02 Paladin
42:18 Elite Skirmisher
43:57 Crop Rotation
44:55 Ballistics
45:56 Plate Barding Armor
47:40 Padded Archer Armor
47:31 Fletching
48:42 Blast Furnace
50:23 Chemistry
49:13 Light Cavalry
54:21 Squires
57:38 Bodkin Arrow
60:02 Leather Archer Armor
61:06 Hussar
61:45 Pikeman
63:47 Scale Mail Armor
64:18 Ring Archer Armor
66:05 Halberdier
66:31 Arson
Connection lost

Rejoining the realm…

Still unreachable

The connection could not be restored.

Session expired

The server has moved on; the page needs a fresh start.